 Dungeon Crawl Stone Soup version 0.20.1-1-g8b1a95d (webtiles) character file.

40 Schiappus the Skirmisher (level 3, -1/29 HPs)
             Began as a Demonspawn Berserker on Sept 18, 2017.
             Was a Believer of Trog.
             Slain by Terence
             ... wielding a +0 flail
              (6 damage)
             ... on level 2 of the Dungeon.
             The game lasted 00:03:41 (1029 turns).

Schiappus the Skirmisher (Demonspawn Berserker)     Turns: 1029, Time: 00:03:41

Health: -1/29      AC:  9    Str: 18    XL:     3   Next: 30%
Magic:  3/3        EV: 10    Int:  8    God:    Trog [**....]
Gold:   44         SH:  4    Dex: 12    Spells: 2/2 levels left

rFire    . . .     SeeInvis .   a - +0 hand axe
rCold    . . .     Gourm    .   (no shield)
rNeg     . . .     Faith    .   f - +1 scale mail
rPois    .         Spirit   .   (no helmet)
rElec    .         Reflect  +   (no cloak)
rCorr    .         Harm     .   (no gloves)
MR       +....                  (no boots)
Stlth    ..........             g - +4 amulet of reflection
Regen    0.1/turn               j - ring of protection from magic
MPRegen  0.1/turn               (no ring)

@: no status effects
A: yellow scales 1, powered by pain 1
a: Berserk, Trog's Hand, Burn Spellbooks, Renounce Religion


You were on level 2 of the Dungeon.
You worshipped Trog.
Trog was pleased with you.
You were hungry.

You visited 1 branch of the dungeon, and saw 2 of its levels.

You collected 44 gold pieces.

Inventory:

Hand Weapons
 a - a +0 hand axe (weapon)
Armour
 f - a +1 scale mail (worn)
Jewellery
 g - a +4 amulet of reflection (around neck)
 j - a ring of protection from magic (left hand)
Scrolls
 d - a scroll of fog
 e - a scroll of teleportation {unknown}
Comestibles
 b - 2 royal jellies
 c - a bread ration


   Skills:
 + Level 3.3 Fighting
 + Level 3.1 Axes
 + Level 2.5 Armour
 + Level 2.0 Dodging


You had 2 spell levels left.
You didn't know any spells.

Dungeon Overview and Level Annotations

Branches:
Dungeon (2/15)

Altars:

Annotations:
D:2 Terence


Innate Abilities, Weirdness & Mutations

You are partially covered in yellow scales. (AC +2)
You sometimes gain a little power by taking damage.


Message History

e - a scroll labeled ITHUYM OCOR You are feeling hungry.
Terence the Incautious comes into view.
He is wielding a flail.
Terence shouts!
You hit Terence but do no damage.
Terence drinks a potion.
Terence goes berserk!
You hit Terence but do no damage. You block Terence's attack. x2
You hit Terence but do no damage. Terence hits you but does no damage.
Your scale mail prevents you from hitting Terence.
Terence barely misses you.
You hit Terence but do no damage. Terence hits you but does no damage.
Terence hits you with a flail.
You barely miss Terence. You block Terence's attack.
You hit Terence but do no damage. Terence hits you with a flail.
Terence hits you with a flail!
* * * LOW HITPOINT WARNING * * *
You hit Terence.
Terence is lightly wounded.
Terence hits you with a flail.
You die...

####.#......
#............
#............
#............
####............
##.................
####.............##....
#......@................
#.##...@####............
#....# #............
+....# #............
#...## ##..........#
#... #...........# #...
#.#.........#. #...
#.#...........
#.#...(.......


You could see Terence (berserk).

Vanquished Creatures
  An adder (D:2)
  An ooze (D:1)
  A dart slug (D:1)
  A leopard gecko (D:1)
  4 hobgoblins (D:1)
  5 bats (D:1)
  A frilled lizard (D:1)
  6 goblins
  2 kobolds
  2 rats (D:1)
24 creatures vanquished.

Notes
Turn   | Place    | Note
-------+----------+-------------------------------------------
     0 | D:1      | Schiappus the Demonspawn Berserker began the quest for the Orb.
     0 | D:1      | Reached XP level 1. HP: 18/18 MP: 1/1
   379 | D:1      | Gained mutation: You sometimes gain a little power by taking damage. [demonic ancestry]
   379 | D:1      | Reached XP level 2. HP: 21/24 MP: 2/2
   976 | D:2      | Gained mutation: You are partially covered in yellow scales. (AC +2) [demonic ancestry]
   976 | D:2      | Reached XP level 3. HP: 22/29 MP: 3/3
   999 | D:2      | Reached ** piety under Trog
  1020 | D:2      | Noticed Terence
  1029 | D:2      | Slain by Terence

Skill      XL: |  1  2 |
---------------+-------+-----
Armour         | 2 |  2.5
Dodging        | 2 |  2.0
Axes           | 3 |  3.1
Fighting       | |  3.3

Action                   || total
-------------------------++-------
Melee: Hand axe          ||   116
  Use: Scroll            ||     4
       Potion            ||     1
Armor: Scale mail        ||    85
       Animal skin       ||     1
Dodge: Dodged            ||    86
Block: Other             ||    12
       Reflection        ||     1
